 Dungeon Crawl Stone Soup version 0.20-a0-862-gf9b334b (webtiles) character file.

35 Foodle the Magician (level 3, -2/19 HPs)
             Began as a Deep Elf Wizard on Mar 12, 2017.
             Slain by a gnoll
             ... wielding a +0 whip
              (7 damage)
             ... on level 2 of the Dungeon.
             The game lasted 00:08:04 (1106 turns).

Foodle the Magician (Deep Elf Wizard)               Turns: 1106, Time: 00:08:04

Health: -2/19      AC:  2    Str:  4    XL:     3   Next: 17%
Magic:  3/12       EV: 13    Int: 29    God:
Gold:   56         SH:  0    Dex: 13    Spells: 6/13 levels left

rFire    . . .     SeeInvis .   f - +0 short sword (curse)
rCold    . . .     Gourm    .   a - +0 robe
rNeg     . . .     Faith    .   (no shield)
rPois    .         Spirit   .   b - +0 hat
rElec    .         Reflect  .   (no cloak)
rCorr    .         Harm     .   (no gloves)
MR       .....                  (no boots)
Stlth    ++........             (no amulet)
Regen    0.1/turn               j - +4 ring of intelligence
MPRegen  0.2/turn               e - +2 ring of intelligence

@: no status effects
A: no striking features
a: no special abilities


You were on level 2 of the Dungeon.
You were not hungry.

You visited 1 branch of the dungeon, and saw 2 of its levels.

You collected 56 gold pieces.

Inventory:

Hand Weapons
 f - a cursed +0 short sword (weapon)
Armour
 a - a +0 robe (worn)
 b - a +0 hat (worn)
Jewellery
 e - a +2 ring of intelligence (left hand)
 j - a +4 ring of intelligence (right hand)
Scrolls
 i - a scroll of recharging {unknown}
 l - a scroll of amnesia {unknown}
Potions
 g - 3 potions of haste {unknown}
 k - a potion of agility {unknown}
Books
 c - a book of Minor Magic

   Spells                             Type                      Level
   a - Magic Dart                     Conjuration                  1
   b - Blink                          Translocation                2
   c - Call Imp                       Summoning                    2
   d - Slow                           Hexes                        2
   e - Conjure Flame                  Conjuration/Fire             3
   f - Mephitic Cloud                 Conjuration/Poison/Air       3
Comestibles
 d - a bread ration
 h - a meat ration


   Skills:
 + Level 2.7 Dodging
 + Level 2.8 Stealth
 + Level 5.5 Spellcasting
 + Level 1.3 Conjurations
 + Level 1.2 Summonings
 + Level 1.1 Translocations


You had 6 spell levels left.
You knew the following spells:

 Your Spells              Type           Power        Failure   Level  Hunger
a - Magic Dart            Conj           ###.         3%          1    None
b - Call Imp              Summ           ###.....     6%          2    None
c - Slow                  Hex            #.......     12%         2    None
d - Blink                 Tloc           N/A          10%         2    None


Dungeon Overview and Level Annotations

Branches:
Dungeon (2/15)

Altars:


Message History

Aim: a gnoll, wielding a whip The magic dart hits the gnoll.
The gnoll barely misses your white imp.
You hit the gnoll but do no damage.
Your white imp gestures at the gnoll.
The puff of frost misses the gnoll.
The puff of frost hits the kobold.
The kobold dies!
The gnoll barely misses you.
The gnoll hits your white imp with a whip.
Your white imp dies!
Unknown command.
You hit the gnoll.
The gnoll is moderately wounded.
The gnoll hits you with a whip!
Ouch! That really hurt!
You closely miss the gnoll.
The gnoll is moderately wounded.
The gnoll hits you with a whip.
* * * LOW HITPOINT WARNING * * *
The gnoll hits you with a whip!
You die...

#.##....##
...##+# #
#.##.#### 8. ##.
###.##.# .
....#......#
.%.#.#.#>.#####.
..).)>.........
?.#)#.#..######
#.gg...#
###@##..#
#.###.... #..
...... ....
..#### #####.##


You could see 2 gnolls.

Vanquished Creatures
  A gnoll (D:2)
  A leopard gecko (D:1)
  2 bats (D:1)
  3 goblins
  A hobgoblin (D:1)
  A ball python (D:1)
  A frilled lizard (D:1)
  3 kobolds (D:1)
  3 rats
16 creatures vanquished.

Vanquished Creatures (collateral kills)
  A gnoll (D:2)
  An ooze (D:2)
  A kobold (D:2)
  A quokka (D:2)
4 creatures vanquished.

Grand Total: 20 creatures vanquished

Notes
Turn   | Place    | Note
-------+----------+-------------------------------------------
     0 | D:1      | Foodle the Deep Elf Wizard began the quest for the Orb.
     0 | D:1      | Reached XP level 1. HP: 10/10 MP: 7/7
   208 | D:1      | Reached XP level 2. HP: 1/15 MP: 6/9
   212 | D:1      | Learned a level 2 spell: Call Imp
   216 | D:1      | Learned a level 2 spell: Slow
   219 | D:1      | Learned a level 2 spell: Blink
   854 | D:1      | Reached skill level 5 in Spellcasting
  1100 | D:2      | Reached XP level 3. HP: 19/19 MP: 3/12
  1106 | D:2      | Slain by a gnoll

Vault maps used:
D:1:      roderic_chinese_lattice_arrival, st_stairs_12
D:2:      grunt_qazlal_clouds, first_bread, chequers_ecumenical_altar_island,
          grunt_ministairs_4, corexii_leaking_fountain

Skill      XL: |  1  2 |
---------------+-------+-----
Spellcasting   | 5 |  5.5
Dodging        | |  2.7
Stealth        | |  2.8
Conjurations   | |  1.3
Summonings     | |  1.2
Translocations | |  1.1

Action                   || total
-------------------------++-------
Melee: Short sword       ||    14
       Unarmed           ||     1
 Cast: Magic Dart        ||    28
       Call Imp          ||     3
 Stab: Sleeping          ||     4
Armor: Robe              ||     6
Dodge: Dodged            ||     9
